 Dungeon Crawl Stone Soup version 0.24-a0-528-g98e85ec62a (webtiles) character file.

Game seed: 5419688534939237323

2500067 milododd the Slayer (level 27, 250/266 HPs)
             Began as a Hill Orc Abyssal Knight on Aug 1, 2019.
             Was the Champion of Lugonu.
             Escaped with the Orb
             ... and 4 runes on Aug 5, 2019!
             The game lasted 05:37:09 (65062 turns).

milododd the Slayer (Hill Orc Abyssal Knight)      Turns: 65062, Time: 05:37:10

Health: 250/266    AC: 31    Str: 46      XL:     27
Magic:  33/33      EV: 23    Int: 13 (16) God:    Lugonu [******]
Gold:   3090       SH: 21    Dex: 10      Spells: 33/46 levels left

rFire    + + .     SeeInvis .   a - +9 broad axe (elec)
rCold    + . .     Gourm    .   H - +5 shield of Iniu {Str+4}
rNeg     . . .     Faith    .   e - +5 plate armour "Qelues" {rElec rCorr Str+4}
rPois    .         Spirit   .   (helmet restricted)
rElec    +         Reflect  .   s - scarf {rC+ rF+}
rCorr    +         Harm     .   S - +2 pair of gloves {Str+3}
MR       ++...     Rnd*Tele +   n - +2 pair of boots
Stlth    ..........             u - amulet of regeneration
HPRegen  0.94/turn              t - ring of the Echidna {+Inv rF+ Str+10 Int-2 Dex+3}
MPRegen  0.23/turn              P - +6 ring of evasion

@: no status effects
A: beak, hooves 1, clever 1, clumsy 2, low mp 1, inhibited regeneration, strong
1, teleportitis 1, subdued magic 1
0: Orb of Zot
}: 4/15 runes: barnacled, silver, abyssal, gossamer
a: Depart the Abyss, Bend Space, Banish, Corrupt, Enter the Abyss, Brand Weapon
With Distortion, Renounce Religion, Evoke Invisibility


You escaped.
You worshipped Lugonu.
Lugonu was exalted by your worship.
You were not hungry.

You visited 9 branches of the dungeon, and saw 48 of its levels.
You visited the Abyss 3 times.
You visited 2 bazaars.
You also visited: Gauntlet, Ice Cave and Volcano.

You collected 8009 gold pieces.
You spent 4919 gold pieces at shops.

Inventory:

Hand Weapons
 a - a +9 broad axe of electrocution (weapon)
Missiles
 f - 15 throwing nets
 T - 48 silver javelins (quivered)
Armour
 e - the +5 plate armour "Qelues" (worn) {rElec rCorr Str+4}
   (You bought it in a shop on level 2 of the Orcish Mines)

   It affects your strength (+4).
   It insulates you from electricity.
   It provides partial protection from all sources of acid and corrosion.
 n - a +2 pair of boots (worn)
 s - a scarf of resistance (worn)
 H - the +5 shield of Iniu (worn) {Str+4}
   (You found it on level 4 of the Lair of Beasts)

   It affects your strength (+4).
 J - the +4 helmet of Gehenna {rN+ MR+ Str+4}
   (You found it on level 2 of the Spider Nest)

   It affects your strength (+4).
   It protects you from negative energy.
   It affects your resistance to hostile enchantments.
 S - a +2 pair of gloves of strength (worn)
Jewellery
 q - the ring of Geot {Ice rPois MR+ Int+2 SInv}
   (You found it on level 11 of the Dungeon)

   [ring of ice]

   It enhances your ice magic.
   It affects your intelligence (+2).
   It makes you vulnerable to fire.
   It protects you from cold.
   It protects you from poison.
   It affects your resistance to hostile enchantments.
   It lets you see invisible.
 t - the ring of the Echidna (left hand) {+Inv rF+ Str+10 Int-2 Dex+3}
   (You bought it in a shop in a bazaar)

   [ring of dexterity]

   It affects your strength (+10).
   It affects your intelligence (-2).
   It affects your dexterity (+3).
   It protects you from fire.
   It lets you turn invisible.
 u - an amulet of regeneration (around neck)
 v - an uncursed ring of positive energy
 M - the ring "Kiefoedgh" {rN+ Int+3}
   (You found it on level 5 of the Lair of Beasts)

   [ring of positive energy]

   It affects your intelligence (+3).
   It protects you from negative energy.
 P - a +6 ring of evasion (right hand)
 U - a +5 ring of evasion
Wands
 k - a wand of clouds (5)
 p - a wand of scattershot (3)
 w - a wand of paralysis (28)
 I - a wand of enslavement (19)
 R - a wand of flame (98)
 V - a wand of acid (15)
 W - a wand of disintegration (40)
 Y - a wand of iceblast (19)
Scrolls
 b - 31 scrolls of teleportation
 d - 24 scrolls of remove curse
 g - 2 scrolls of magic mapping
 j - 8 scrolls of fog
 l - 2 scrolls of immolation
 m - 11 scrolls of blinking
 r - 4 scrolls of fear
 y - 2 scrolls of silence
 F - a scroll of holy word
 N - 9 scrolls of vulnerability
Potions
 h - 25 potions of curing
 o - 6 potions of flight
 x - 2 potions of agility
 z - 2 potions of might
 A - 6 potions of brilliance
 C - 3 potions of heal wounds
 D - 6 potions of haste
 E - 12 potions of lignification
 G - 4 potions of ambrosia
 K - a potion of cancellation
 L - 4 potions of magic
 Q - 4 potions of resistance
 Z - 2 potions of berserk rage
Miscellaneous
 X - a fan of gales
Comestibles
 c - 79 rations


   Skills:
 + Level 25.1 Fighting
 + Level 24.9 Axes
 - Level 20.0 Armour
 + Level 16.8 Dodging
 - Level 15.0 Shields
 - Level 10.0 Spellcasting
 - Level 10.0 Charms
 - Level 13.3 Necromancy
   Level 3.0 Ice Magic
 - Level 14.8 Invocations
 + Level 20.2 Evocations


You had 33 spell levels left.
You knew the following spells:

 Your Spells              Type           Power        Failure   Level  Hunger
a - Song of Slaying       Chrm           ####....     1%          2    None
b - Regeneration          Chrm/Necr      ####......   1%          3    #......
c - Spectral Weapon       Hex/Chrm       ###.....     9%          3    #......
d - Excruciating Wounds   Chrm/Necr      ####......   5%          5    #####..

Your spell library contained the following spells:

 Spells                   Type           Power        Failure   Level  Hunger
 Infusion                 Chrm           ####         1%          1    None
 Corpse Rot               Necr           N/A          1%          2    None
 Sublimation of Blood     Necr           ####......   1%          2    None
 Agony                    Necr           ####....     2%          5    #####..
 Dispel Undead            Necr           ####....     2%          5    #####..
 Shroud of Golubria       Chrm/Tloc      ###...       4%          2    None
 Apportation              Tloc           #.....       24%         1    None
 Beastly Appendage        Tmut           #.....       24%         1    None
 Confusing Touch          Hex            #.....       24%         1    None
 Corona                   Hex            #......      24%         1    None
 Flame Tongue             Conj/Fire      #....        24%         1    None
 Magic Dart               Conj           #...         24%         1    None
 Shock                    Conj/Air       #...         24%         1    None
 Summon Small Mammal      Summ           #...         24%         1    None
 Blink                    Tloc           N/A          34%         2    None
 Call Imp                 Summ           #.......     34%         2    None
 Passwall                 Tmut/Erth      #.......     34%         2    None
 Poisonous Vapours        Pois/Air       #.....       34%         2    None
 Searing Ray              Conj           #.....       34%         2    None
 Slow                     Hex            #.......     34%         2    None
 Sticks to Snakes         Tmut           #.......     34%         2    None
 Throw Flame              Conj/Fire      #.....       34%         2    None
 Bolt of Draining         Conj/Necr      ###.......   41%         5    #####..
 Confuse                  Hex            #.......     58%         3    #......
 Conjure Flame            Conj/Fire      #.......     58%         3    #......
 Dazzling Spray           Conj/Hex       #.....       58%         3    #......
 Gell's Gravitas          Tloc           #.........   58%         3    #......
 Inner Flame              Hex/Fire       #.......     58%         3    #......
 Mephitic Cloud           Conj/Pois/Air  #.......     58%         3    #......
 Portal Projectile        Hex/Tloc       #.....       58%         3    #......
 Spider Form              Tmut/Pois      #.........   58%         3    #......
 Iskenderun's Battlesphe  Conj/Chrm      ###.....     65%         5    #####..
 Ice Form                 Ice/Tmut       #.......     80%         4    ###....
 Cause Fear               Hex            #.........   94%         4    ###....
 Force Lance              Conj/Tloc      #.......     94%         4    ###....
 Fulminant Prism          Conj/Hex       #.........   94%         4    ###....
 Iskenderun's Mystic Bla  Conj           #.......     94%         4    ###....
 Leda's Liquefaction      Hex/Erth       #.........   94%         4    ###....
 Petrify                  Tmut/Erth      #.......     94%         4    ###....
 Sticky Flame             Conj/Fire      #.......     94%         4    ###....
 Metabolic Englaciation   Hex/Ice        #.........   98%         5    #####..
 Blade Hands              Tmut           #.........   100%        5    #####..
 Bolt of Magma            Conj/Fire/Erth #.........   100%        5    #####..
 Fireball                 Conj/Fire      #.........   100%        5    #####..
 Venom Bolt               Conj/Pois      #.........   100%        5    #####..
 Yara's Violent Unravell  Hex/Tmut       #.........   100%        5    #####..
 Freezing Cloud           Conj/Ice/Air   #.........   100%        6    ######.
 Iron Shot                Conj/Erth      #.........   100%        6    ######.
 Orb of Destruction       Conj           #.........   100%        7    #######
 Ring of Flames           Chrm/Fire      ###.......   100%        7    #######
 Spellforged Servitor     Conj/Summ      #.........   100%        7    #######
 Discord                  Hex            #.........   100%        8    #######


Dungeon Overview and Level Annotations

Branches:
Dungeon (15/15)            Temple (0/1) D:4            Lair (6/6) D:8
 Shoals (4/4) Lair:4       Spider (4/4) Lair:4        Slime (0/5) Lair:5
    Orc (2/2) D:10            Elf (2/3) Orc:2        Vaults (5/5) D:13
  Crypt (0/3) Vaults:3     Depths (5/5) D:15            Zot (5/5) Depths:5

Altars:
Makhleb
Okawaru
Xom
Beogh
Jiyva
Lugonu

Shops:
D:6 !   D:10 ?   D:11 =   D:13 ?   Orc:2 =*[(   Elf:1 ?   Shoals:3 *
Vaults:1 **[}=   Vaults:2 %?*?   Vaults:5 *   Depths:5 =}=[

Portals:
Hell: Depths:1 Depths:2 Depths:3 Depths:4 Depths:5
Abyss: Depths:2 Depths:4 Depths:5
Pandemonium: Depths:3 Depths:4 Depths:5
Ziggurat: Depths:4

Annotations:
D:14 1 runed translucent door
D:15 exclusion: Roxanne, Roxanne
Orc:2 2 runed translucent doors, exclusion: orange crystal statue
Depths:1 1 runed translucent door, Gyzurilu's ghost, veteran DsFE
Depths:2 1 exclusion
Abyss:1 Josephine


Innate Abilities, Weirdness & Mutations

You have a beak for a mouth.
You have large cloven feet.
Your mind is acute. (Int +2)
You are very clumsy. (Dex -4)
Your magical capacity is low. (-10% MP)
You do not regenerate when monsters are visible.
Your muscles are strong. (Str +2)
You are occasionally teleported next to monsters.
Your spells are a little easier to cast, but a little less powerful.


Message History

The bolt of cold misses you.
You slice the Ice Fiend!!
The Ice Fiend is almost dead.
The Ice Fiend gestures at you. The bolt of cold misses you.
You hit the Ice Fiend but do no damage.
Lightning courses through the Ice Fiend!
You kill the Ice Fiend!
Lugonu accepts your kill.
A smoke demon comes into view.
The smoke demon gestures at you. The ball of steam hits you. You resist.
You block the smoke demon's attack. x3
You slice the smoke demon!! You peck the smoke demon.
You kill the smoke demon!
Lugonu accepts your kill.
There is an open door here.
There is a staircase leading out of the dungeon here.
You can't go down here!
You have escaped!

......#
#..####..#...#
......#######
#.##..##)##..#
.......>....#
#.#...(#..#..###
............#
#.#..#(...#.....
............#
#.##.##..##.....
............#
#..#..####......
##.##.......#
##.........[....
#.#####..###
#############)....
##†###
##.######@######
####.# .....#
#.#...........#
#.# .....#
#.#'####'####)#
#.# .....# #...#
#.###..#########.#
.....# #####
#.............##.#
.....#
###...........##.#
.....#
#...........##.#
.....#
#...........##.#
.....# ######
#...........##.#


There were no monsters in sight!

Vanquished Creatures
  6 orbs of fire
  2 juggernauts (Depths:3)
  10 ancient liches
  8 Killer Klowns
  Margery (Vaults:4)
  4 curse toes
  Bai Suzhen (Vaults:3)
  3 caustic shrikes
  Nikola (Shoals:2)
  Arachne (Spider:4)
  14 golden dragons
  the Enchantress (Depths:2)
  Jory (Vaults:3)
  5 electric golems
  Jorgrun (D:15)
  6 liches
  26 Orb Guardians
  An Ice Fiend (D:1)
  21 tentacled monstrosities
  A deep elf blademaster (Elf:2)
  Asterion (Spider:2)
  6 quicksilver dragons
  4 titans
  9 death cobs
  A tentacled starspawn (Abyss:3)
  Gastronok (D:8)
  A kraken (Shoals:1)
  Polyphemus (Shoals:4)
  6 sphinxes
  Kirke (Lair:4)
  5 shadow dragons
  11 tengu reavers
  16 storm dragons
  6 draconian monks
  7 fire giants
  5 draconian knights
  4 iron dragons
  3 deep elf sorcerers
  12 frost giants
  10 vault wardens
  4 orc warlords
  10 emperor scorpions
  The ghost of SnubMonkey the Brawler, a journeyman BaTm of Cheibriados (Orc:2)
  The ghost of rayg00n the Grappler, a journeyman DrTm of Qazlal (Spider:2)
  6 draconian scorchers
  8 draconian shifters
  Aizul (Shoals:4)
  A balrug (Depths:4)
  16 ironheart preservers
  4 ghost moths
  A reaper (Depths:1)
  29 very ugly things
  6 draconian annihilators
  6 spriggan defenders
  3 entropy weavers
  16 stone giants
  6 draconian stormcallers
  A war gargoyle (Vaults:4)
  2 vampire knights
  9 white draconians
  10 black draconians
  16 purple draconians
  3 deep elf demonologists
  3 dire elephants (Depths:3)
  3 deep elf annihilators
  8 spark wasps
  7 red draconians
  A minotaur (Gauntlet)
  7 yellow draconians
  9 green draconians
  3 merfolk javelineers (Shoals:4)
  A blizzard demon (Abyss:3)
  12 ettins
  Snorg (Lair:5)
  A quicksilver dragon zombie (Abyss:3)
  2 deep elf death magi
  A crystal guardian (Vaults:5)
  16 yaktaur captains
  3 deep elf high priests (Vaults:5)
  17 fire dragons
  3 jiangshi (Depths:2)
  36 vault guards
  7 merfolk impalers
  13 ice dragons
  2 hell beasts
  9 great orbs of eyes
  5 hydras
  7 catoblepae
  4 merfolk aquamancers
  3 rakshasas
  Erica (D:8)
  A death knight (Vaults:3)
  A naga warrior (Orc:2)
  2 merfolk avatars
  The ghost of Linguinho the Fighter, a journeyman GrBe of Trog (D:11)
  7 spriggan air magi
  15 centaur warriors
  An anaconda (Depths:3)
  64 two-headed ogres
  5 satyrs
  10 deep troll shamans
  23 dancing weapons
  A queen ant (D:8)
  21 ogre magi
  9 death yaks
  2 thrashing horrors (Abyss:3)
  9 tengu warriors
  4 deep troll earth magi
  10 spriggan berserkers
  3 vampire magi (Depths:2)
  5 orc high priests
  3 soul eaters (Depths:4)
  A storm dragon zombie (Vaults:2)
  27 deep elf knights
  2 sun demons (Depths:4)
  3 iron trolls
  14 hell knights
  A sixfirhy (Abyss:3)
  A wretched star (Abyss:3)
  2 golden dragon zombies (Depths:3)
  2 shadow wraiths (Vaults:4)
  A titan skeleton (Vaults:4)
  A fire crab (Gauntlet)
  A fire crab (shapeshifter) (D:14)
  7 skeletal warriors
  An unseen horror (shapeshifter) (Vaults:3)
  9 sea snakes
  4 spriggan druids
  4 unseen horrors
  23 deep trolls
  6 glowing orange brains
  5 flayed ghosts
  12 deep elf archers
  A lindwurm (Depths:3)
  5 phantasmal warriors
  6 wizards
  26 orc knights
  5 large abominations
  29 harpies
  26 orb spiders
  18 ironbrand convokers
  An anaconda skeleton (Volcano)
  50 deep elf magi
  An obsidian statue (Depths:4)
  30 wolf spiders
  9 necromancers
  40 ugly things
  A human zombie (Vaults:4)
  A fire giant zombie (Depths:3)
  13 orc sorcerers
  34 moths of wrath
  A stone giant zombie (Vaults:2)
  12 cyclopes
  28 fauns
  9 manticores
  4 draconians (Abyss:3)
  A salamander (Depths:5)
  12 merfolk sirens
  4 elephants (Lair:4)
  8 water nymphs
  2 worldbinders (Abyss:3)
  6 centaur zombies
  2 torpor snails
  A guardian serpent (shapeshifter) (Vaults:5)
  A stone giant skeleton (Vaults:4)
  14 vault sentinels
  A fire giant skeleton (Depths:3)
  5 black mambas
  2 rust devils
  3 ice statues (IceCv)
  A smoke demon (D:1)
  3 gargoyles (Volcano)
  2 orange demons (Depths:4)
  A spiny frog (shapeshifter) (Vaults:3)
  11 spiny frogs
  An efreet (D:14)
  6 freezing wraiths
  A tormentor (Abyss:3)
  37 yaktaurs
  2 rime drakes (Shoals:3)
  A human skeleton (Vaults:2)
  A kobold demonologist (D:14)
  5 komodo dragons
  A komodo dragon (shapeshifter) (Depths:1)
  2 yaktaurs (shapeshifter)
  2 hellions
  A yaktaur zombie (Vaults:4)
  3 hellwings
  16 demonic crawlers
  5 red devils
  5 tengu conjurers
  2 queen bees (shapeshifter)
  A polar bear (Lair:5)
  An ice devil (Depths:4)
  3 ancient zymes
  2 meliai (shapeshifter)
  7 trolls
  21 jumping spiders
  28 merfolk
  A queen bee (D:8)
  27 hornets
  8 wind drakes
  2 harpy skeletons (Volcano)
  A raiju (Abyss:5)
  Prince Ribbit (D:7)
  2 raiju (shapeshifter) (Vaults:2)
  15 blink frogs
  10 slime creatures
  9 snapping turtles
  6 dream sheep
  8 hippogriffs
  2 hippogriffs (shapeshifter)
  3 flying skulls (Volcano)
  13 water elementals
  19 tarantellas
  25 spriggans
  A spriggan (shapeshifter) (Depths:5)
  2 air elementals (Elf:2)
  3 shadows
  4 ynoxinuls
  51 redbacks
  A yak (shapeshifter) (Vaults:5)
  10 wraiths
  A fire elemental (Depths:5)
  9 fire bats
  A hog (shapeshifter) (Depths:3)
  Grum (D:8)
  4 wyverns
  38 yaks
  A chaos spawn (Depths:5)
  5 hogs (Lair:4)
  2 hungry ghosts
  4 basilisks
  20 humans (D:13)
  2 steam dragons (Shoals:3)
  6 vampire mosquitoes
  A neqoxec (Depths:4)
  3 wargs
  12 water moccasins
  A floating eye (Depths:4)
  An acid dragon (D:12)
  21 soldier ants
  5 hell hounds
  6 porcupines
  69 orc warriors
  18 ice beasts
  5 sky beasts
  3 black bears
  An eye of draining (D:13)
  4 phantoms
  54 ogres
  9 boggarts
  13 wolves
  34 centaurs
  12 crocodiles
  A big kobold (D:7)
  3 earth elementals
  12 bullfrogs
  A gnoll sergeant (D:8)
  3 wyvern skeletons
  5 scorpions
  A human simulacrum (Vaults:3)
  An elf simulacrum (Vaults:3)
  2 orc simulacra
  5 small abominations (Abyss:3)
  2 spriggan skeletons (Volcano)
  27 killer bees
  12 wights
  2 howler monkeys (D:9)
  2 electric eels
  17 crimson imps
  2 starcursed masses (Abyss:3)
  3 quasits
  2 jellies
  24 orc priests
  28 orc wizards
  6 hounds
  3 bullfrog zombies
  Crazy Yiuf (D:6)
  2 bullfrog skeletons
  An iguana (D:4)
  An iguana (shapeshifter) (Vaults:5)
  5 iron imps (Depths:4)
  7 centaur skeletons
  Terence (D:2)
  2 hell rats (Lair:2)
  32 worker ants
  A hound zombie (D:11)
  A hound skeleton (D:10)
  A worker ant zombie (D:7)
  A howler monkey zombie (D:6)
  14 adders
  10 gnolls
  8 river rats (Lair:2)
  6 shadow imps
  2 ufetubi (Abyss:3)
  3 worms
  4 dart slugs
  7 leopard geckos
  98 orcs
  6 bats
  10 giant cockroaches
  9 goblins
  8 hobgoblins
  12 jackals
  15 kobolds
  2 quokkas
  4 ball pythons
  6 frilled lizards
  A giant cockroach zombie (D:6)
  A leopard gecko zombie (D:7)
  3 quokka skeletons
  11 rats
  A bush (Depths:3)
  A fungus (Lair:5)
  10 plants
  3 starspawn tentacles (Abyss:3)
  3 tentacles (Shoals:1)
2545 creatures vanquished.

Vanquished Creatures (others)
  A curse toe (Zot:4)
  An Executioner (Abyss:3)
  An ironheart preserver (Vaults:5)
  An entropy weaver (Spider:2)
  A two-headed ogre (Vaults:3)
  A deep elf knight (Elf:2)
  2 orb spiders (Spider:2)
  2 deep elf magi (Elf:2)
  A cyclops (Shoals:2)
  A merfolk (Shoals:1)
  A demonic crawler (Spider:2)
  4 jumping spiders (Spider:2)
  2 redbacks
  A yak (Lair:6)
  2 tarantellas (Spider:2)
  A water elemental (Shoals:1)
  2 orc warriors (Orc:2)
  A boggart (Depths:4)
  A centaur (Vaults:3)
  3 ogres (Vaults:5)
  An earth elemental (Elf:1)
  An orc wizard (D:9)
  An ufetubus (Abyss:3)
  A bush (Depths:3)
  12 fungi
  A lurking horror (Abyss:3)
  150 plants
  13 spectral weapons
  A starspawn tentacle (Abyss:3)
  5 tentacles (Shoals:1)
216 creatures vanquished.

Grand Total: 2761 creatures vanquished

Notes
Turn   | Place    | Note
-------+----------+-------------------------------------------
     0 | Abyss:1  | milododd the Hill Orc Abyssal Knight began the quest for
                  | the Orb.
     0 | Abyss:1  | Reached XP level 1. HP: 19/19 MP: 2/2
    55 | Abyss:1  | Noticed a daeva
    56 | D:1      | Escaped the Abyss
    86 | D:1      | Reached XP level 2. HP: 27/27 MP: 3/3
   122 | D:1      | Reached skill level 1 in Dodging
   195 | D:1      | Reached * piety under Lugonu
   397 | D:1      | Reached XP level 3. HP: 33/33 MP: 5/5
   623 | D:1      | Reached skill level 4 in Fighting
  1015 | D:2      | Reached XP level 4. HP: 24/40 MP: 6/6
  1638 | D:2      | Reached ** piety under Lugonu
  1805 | D:2      | Noticed Terence
  1836 | D:2      | Gained mutation: You are partially covered in iridescent
                  | scales. (AC +2) [potion of mutation]
  1836 | D:2      | Gained mutation: You have a somewhat thin skeletal
                  | structure. (Dex +2, Stealth) [potion of mutation]
  1836 | D:2      | Gained mutation: Your magical capacity is low. (-10% MP)
                  | [potion of mutation]
  1836 | D:2      | Gained mutation: You are somewhat resistant to further
                  | mutation. [potion of mutation]
  1846 | D:2      | HP: 2/40 [poisoned by a hobgoblin]
  1854 | D:2      | HP: 1/40 [poisoned by a hobgoblin]
  2183 | D:2      | Killed Terence
  2183 | D:2      | Reached XP level 5. HP: 31/47 MP: 6/6
  3336 | D:3      | Reached skill level 5 in Axes
  3825 | D:4      | Reached XP level 6. HP: 49/53 MP: 6/7
  3986 | D:4      | Got an ichor-stained hand axe
  3987 | D:4      | Identified the +9 hand axe "Doday" {drain, rPois rC- Str+4
                  | Int+4} (You found it on level 4 of the Dungeon)
  4007 | D:4      | Noticed a phantom
  4023 | D:4      | Killed a phantom
  4023 | D:4      | Reached skill level 5 in Fighting
  4023 | D:4      | Reached XP level 7. HP: 55/61 MP: 9/9
  4273 | D:4      | Found a staircase to the Ecumenical Temple.
  4499 | D:5      | Entered Level 5 of the Dungeon
  4599 | D:5      | Reached *** piety under Lugonu
  4970 | D:5      | Reached skill level 5 in Invocations
  5119 | D:5      | Reached XP level 8. HP: 70/70 MP: 10/10
  5399 | D:5      | Reached skill level 6 in Fighting
  5474 | D:6      | Reached skill level 5 in Armour
  6076 | D:6      | Found Haacke Ekuy's Distillery.
  6083 | D:6      | Bought a potion of heal wounds for 65 gold pieces
  6083 | D:6      | Bought a potion of haste for 130 gold pieces
  6083 | D:6      | Bought a potion of agility for 52 gold pieces
  6083 | D:6      | Bought a potion of lignification for 39 gold pieces
  6205 | D:6      | Found a runed translucent door.
  6206 | D:6      | Noticed Crazy Yiuf
  6211 | D:6      | Killed Crazy Yiuf
  6211 | D:6      | Reached XP level 9. HP: 68/78 MP: 12/12
  6317 | D:7      | Noticed Prince Ribbit
  6323 | D:7      | Killed Prince Ribbit
  6323 | D:7      | Reached **** piety under Lugonu
  6459 | D:7      | Reached skill level 7 in Fighting
  6528 | D:7      | Learned a level 2 spell: Song of Slaying
  6532 | D:7      | Learned a level 3 spell: Regeneration
  6536 | D:7      | Learned a level 3 spell: Spectral Weapon
  6614 | D:7      | Found a shimmering altar of Xom.
  6703 | D:7      | Reached skill level 10 in Axes
  7398 | D:8      | Reached XP level 10. HP: 82/88 MP: 14/14
  7447 | D:8      | Found a staircase to the Lair.
  7482 | D:8      | Reached ***** piety under Lugonu
  7567 | D:8      | Reached skill level 8 in Fighting
  7740 | D:8      | Noticed Grum
  7747 | D:8      | Noticed a two-headed ogre
  7794 | D:8      | Noticed a queen ant
  7837 | D:8      | Killed a two-headed ogre
  7837 | D:8      | Reached skill level 5 in Dodging
  7906 | D:8      | Killed Grum
  8165 | D:8      | Noticed Erica
  8183 | D:8      | Killed Erica
  8183 | D:8      | Reached skill level 9 in Fighting
  8183 | D:8      | Reached XP level 11. HP: 58/97 MP: 16/16
  8513 | D:8      | Noticed Gastronok
  8529 | D:8      | Killed Gastronok
  8699 | D:8      | Killed a queen ant
  9007 | D:9      | Reached skill level 10 in Invocations
  9219 | D:9      | Noticed a two-headed ogre
  9229 | D:9      | Killed a two-headed ogre
  9404 | D:9      | Noticed a two-headed ogre
  9415 | D:9      | Killed a two-headed ogre
  9415 | D:9      | Reached skill level 10 in Fighting
  9415 | D:9      | Reached XP level 12. HP: 84/106 MP: 17/17
  9721 | D:10     | Entered Level 10 of the Dungeon
  9721 | D:10     | Found Yngugen's Magic Scroll Emporium.
  9826 | D:10     | Reached skill level 1 in Charms
  9862 | D:10     | Bought a scroll of identify for 32 gold pieces
  9862 | D:10     | Bought a scroll of enchant armour for 120 gold pieces
  9862 | D:10     | Bought a scroll of teleportation for 48 gold pieces
  9862 | D:10     | Identified a scroll of acquirement
  9975 | D:10     | Found a staircase to the Orcish Mines.
 10232 | D:11     | Found Ymovies's Jewellery Emporium.
 10291 | D:11     | Found a burning altar of Makhleb.
 10291 | D:11     | Noticed a green death
 10496 | D:11     | Found a frozen archway.
 10534 | IceCv    | Entered an ice cave
 11456 | D:11     | Reached skill level 11 in Fighting
 11470 | D:11     | Noticed a two-headed ogre
 11471 | D:11     | Noticed Josephine
 11480 | D:11     | Killed a two-headed ogre
 11480 | D:11     | Reached skill level 10 in Armour
 11499 | D:11     | HP: 5/110 [Josephine/vampiric draining (21)]
 11501 | D:11     | Banished Josephine
 12232 | D:11     | Found a runed translucent door.
 12232 | D:11     | Found a shimmering altar of Xom.
 12232 | D:11     | Noticed Linguinho's ghost (journeyman GrBe)
 12644 | D:12     | Reached XP level 13. HP: 86/116 MP: 18/18
 12660 | D:12     | Paralysed by a hornet for 1 turns
 13191 | D:13     | Found a gate leading to a gauntlet.
 13197 | Gauntlet | Entered a Gauntlet
 13197 | Gauntlet | Found a transporter.
 13200 | Gauntlet | Found a transporter.
 13202 | Gauntlet | Found a transporter.
 13228 | Gauntlet | Found a transporter.
 13233 | Gauntlet | Found a runed translucent door.
 13234 | Gauntlet | Found a runed translucent door.
 13237 | Gauntlet | Found a transporter.
 13239 | Gauntlet | Found a transporter.
 13241 | Gauntlet | Noticed a green death
 13258 | Gauntlet | Found a transporter.
 13265 | Gauntlet | Found a transporter.
 13283 | Gauntlet | Found a transporter.
 13302 | Gauntlet | Found a transporter.
 13309 | Gauntlet | Noticed a dire elephant
 13312 | Gauntlet | Found a transporter.
 13317 | Gauntlet | Found a transporter.
 13317 | Gauntlet | Found a transporter.
 13319 | Gauntlet | Found a transporter.
 13321 | Gauntlet | Found a runed translucent gate.
 13321 | Gauntlet | Found a runed translucent gate.
 13321 | Gauntlet | Found a runed translucent gate.
 13623 | Gauntlet | Reached skill level 12 in Fighting
 13713 | Gauntlet | Reached skill level 1 in Shields
 13736 | Gauntlet | Got a heavily runed hat
 13742 | Gauntlet | Identified the +2 hat of the Trombone {rF+ Regen+ Dex+4}
                  | (You found it in a Gauntlet)
 13819 | Gauntlet | Noticed a minotaur
 13840 | Gauntlet | Killed a minotaur
 13840 | Gauntlet | Reached skill level 5 in Charms
 13902 | Gauntlet | Identified Nylitug's Almanac of Bewitchment
 13904 | Gauntlet | Got a pair of pitted gloves
 13918 | D:13     | Identified the +0 pair of gloves "Xoclil" {rF- rC+ rCorr
                  | Int+3} (You found it in a Gauntlet)
 14141 | D:13     | Found a gate to the Vaults.
 14141 | D:13     | Noticed a vault guard
 14162 | D:13     | Killed a vault guard
 14407 | D:13     | Found an iron altar of Okawaru.
 14684 | D:13     | Reached ****** piety under Lugonu
 14876 | D:13     | Reached XP level 14. HP: 106/127 MP: 19/19
 14901 | D:13     | Reached skill level 1 in Spellcasting
 15231 | D:13     | Found Colut's Magic Scroll Boutique.
 15241 | D:13     | Bought a scroll of identify for 36 gold pieces
 15241 | D:13     | Bought a scroll of identify for 36 gold pieces
 15241 | D:13     | Bought a scroll of identify for 36 gold pieces
 15414 | D:14     | Reached skill level 13 in Fighting
 15568 | D:14     | Reached skill level 15 in Axes
 15690 | D:14     | Found a runed translucent door.
 15691 | D:14     | Noticed a storm dragon
 15691 | D:14     | Noticed a fire giant
 16210 | D:15     | Entered Level 15 of the Dungeon
 16214 | D:15     | Noticed Jorgrun
 16238 | D:15     | Killed Jorgrun
 16238 | D:15     | Reached skill level 5 in Shields
 16296 | D:15     | Noticed Roxanne
 16703 | D:15     | Got an encrusted chain mail
 16714 | D:15     | Identified the +5 chain mail "Sycacisit" {MP+9} (You found
                  | it on level 15 of the Dungeon)
 16747 | D:15     | Found a staircase to the Depths.
 17846 | Lair:1   | Entered Level 1 of the Lair of Beasts
 17925 | Lair:1   | Found a dark tunnel.
 17935 | Volcano  | Entered a volcano
 18107 | Volcano  | Reached XP level 15. HP: 122/136 MP: 20/20
 18823 | Lair:1   | Reached skill level 5 in Spellcasting
 18835 | Lair:1   | Identified A Beginning Course on Theurgy
 20887 | Lair:4   | Noticed Kirke
 20893 | Lair:4   | Reached skill level 14 in Fighting
 20905 | Lair:4   | Killed Kirke
 20997 | Lair:4   | Found a hole to the Spider Nest.
 21266 | Lair:4   | Found a staircase to the Shoals.
 21388 | Lair:4   | Got a scorched shield
 21394 | Lair:4   | Identified the +5 shield of Iniu {Str+4} (You found it on
                  | level 4 of the Lair of Beasts)
 21677 | Lair:5   | Noticed Snorg
 21696 | Lair:5   | Killed Snorg
 22254 | Lair:5   | Found a viscous altar of Jiyva.
 22254 | Lair:5   | Found a staircase to the Slime Pits.
 22375 | Lair:5   | Got a flickering turquoise ring
 22392 | Lair:5   | Identified the ring "Kiefoedgh" {rN+ Int+3} (You found it
                  | on level 5 of the Lair of Beasts)
 22554 | Lair:6   | Entered Level 6 of the Lair of Beasts
 22799 | Lair:6   | Reached skill level 10 in Shields
 22827 | Lair:6   | Reached XP level 16. HP: 134/147 MP: 21/21
 23639 | Spider:1 | Entered Level 1 of the Spider Nest
 23738 | Spider:1 | Reached skill level 15 in Fighting
 24818 | Spider:2 | Reached skill level 1 in Ice Magic
 24821 | Spider:2 | Noticed Asterion
 24996 | Spider:2 | Reached skill level 1 in Necromancy
 25041 | Spider:2 | Found a transporter.
 25203 | Spider:2 | Found a transporter.
 25225 | Spider:2 | Noticed rayg00n's ghost (journeyman DrTm)
 25364 | Spider:2 | Killed Asterion
 25800 | Spider:2 | Killed rayg00n's ghost
 25815 | Spider:2 | Got a faintly humming helmet
 25894 | Spider:2 | Identified the +4 helmet of Gehenna {rN+ MR+ Str+4} (You
                  | found it on level 2 of the Spider Nest)
 26246 | Spider:3 | Reached XP level 17. HP: 157/157 MP: 22/22
 26836 | Spider:4 | Entered Level 4 of the Spider Nest
 26929 | Spider:4 | Reached skill level 16 in Fighting
 27074 | Spider:4 | Reached skill level 15 in Armour
 27257 | Spider:4 | Got a gossamer rune of Zot
 27701 | Spider:4 | Noticed Arachne
 27728 | Spider:4 | Killed Arachne
 28227 | Orc:1    | Entered Level 1 of the Orcish Mines
 28504 | Orc:1    | Reached skill level 15 in Shields
 28516 | Orc:1    | Reached XP level 18. HP: 150/168 MP: 23/23
 28527 | Orc:1    | Reached skill level 17 in Fighting
 28596 | Orc:1    | Got a crystal scimitar
 28597 | Orc:1    | Identified the +10 scimitar of Offence {slice, rElec Int+3}
                  | (You found it on level 1 of the Orcish Mines)
 28999 | Orc:2    | Entered Level 2 of the Orcish Mines
 29013 | Orc:2    | Found a runed translucent door.
 29056 | Orc:2    | Found a runed translucent gate.
 29057 | Orc:2    | Found a runed translucent gate.
 29057 | Orc:2    | Noticed SnubMonkey's ghost (journeyman BaTm)
 29058 | Orc:2    | Found a runed translucent gate.
 29170 | Orc:2    | Found a staircase to the Elven Halls.
 29338 | Orc:2    | Found a roughly hewn altar of Beogh.
 29430 | Orc:2    | Found Manum's Antique Armour Emporium.
 29498 | Orc:2    | Found Quskee Daco's Jewellery Emporium.
 29515 | Orc:2    | Found Cutaxtaxed's General Store.
 29523 | Orc:2    | Bought the +5 plate armour "Qelues" {rElec rCorr Str+4} for
                  | 912 gold pieces
 29701 | Orc:2    | Found a runed translucent door.
 29850 | Orc:2    | Found the +10 large shield of Ignorance {rN+ Int-4}
 29898 | Orc:2    | Found an iron altar of Okawaru.
 29915 | Orc:2    | Found Ytysoyt's Antique Weapon Emporium.
 30051 | Orc:2    | Killed SnubMonkey's ghost
 30126 | Orc:2    | Bought a pair of embroidered gloves for 210 gold pieces
 30179 | Elf:1    | Entered Level 1 of the Elven Halls
 30196 | Elf:1    | Reached skill level 18 in Fighting
 30381 | Elf:1    | Found Telechu's Magic Scroll Shop.
 30724 | Elf:1    | Identified the Compendium of Arcane Weapons
 31471 | Elf:2    | Reached skill level 19 in Fighting
 31532 | Elf:2    | Found a flickering gateway to a bazaar.
 31545 | Bazaar   | Entered a bazaar
 31545 | Bazaar   | Found Peuwaig's Food Shoppe.
 31545 | Bazaar   | Found Osimean's Food Emporium.
 31545 | Bazaar   | Found Jacu Jor's Jewellery Emporium.
 31695 | Elf:2    | Reached XP level 19. HP: 155/183 MP: 24/24
 32089 | Elf:2    | Found a runed translucent gate.
 32089 | Elf:2    | Found a runed translucent gate.
 32091 | Elf:2    | Found a runed translucent gate.
 32295 | Elf:2    | Reached skill level 20 in Fighting
 33021 | Shoals:1 | Entered Level 1 of the Shoals
 33161 | Shoals:1 | Reached skill level 21 in Fighting
 33838 | Shoals:2 | Noticed Nikola
 33870 | Shoals:2 | Killed Nikola
 34935 | D:10     | Bought a scroll of enchant weapon for 120 gold pieces
 35203 | Shoals:3 | Found Hovvoph's Assorted Antiques.
 35207 | Shoals:3 | Bought a potion of curing for 72 gold pieces
 35207 | Shoals:3 | Bought a scroll of immolation for 84 gold pieces
 35308 | Shoals:3 | Reached skill level 22 in Fighting
 35670 | Shoals:3 | Reached XP level 20. HP: 201/201 MP: 25/25
 36074 | Shoals:4 | Entered Level 4 of the Shoals
 36074 | Shoals:4 | Noticed Aizul
 36090 | Shoals:4 | Killed Aizul
 36311 | Shoals:4 | Reached skill level 23 in Fighting
 36636 | Shoals:4 | Got a barnacled rune of Zot
 36702 | Shoals:4 | Got a pitted broad axe
 36703 | Shoals:4 | Identified the cursed +0 broad axe of Midsummer {freeze,
                  | rF+ MR+} (You found it on level 4 of the Shoals)
 36817 | Shoals:4 | Noticed Polyphemus
 36823 | Shoals:4 | Reached skill level 1 in Evocations
 36835 | Shoals:4 | Killed Polyphemus
 37595 | D:11     | Killed Linguinho's ghost
 37598 | D:11     | Got a heavily runed ivory ring
 37609 | D:11     | Identified the ring of Geot {Ice rPois MR+ Int+2 SInv} (You
                  | found it on level 11 of the Dungeon)
 37673 | Vaults:1 | Entered Level 1 of the Vaults
 37967 | Vaults:1 | Found Bekurr's Gadget Emporium.
 38000 | Vaults:1 | Bought a wand of iceblast (5) for 117 gold pieces
 38000 | Vaults:1 | Bought a wand of flame (25) for 175 gold pieces
 38000 | Vaults:1 | Bought a wand of disintegration (13) for 221 gold pieces
 38000 | Vaults:1 | Bought a wand of iceblast (9) for 169 gold pieces
 38175 | Vaults:1 | Found Coky's Jewellery Boutique.
 38354 | Vaults:1 | Found Zessoikk's Assorted Antiques.
 38364 | Vaults:1 | Bought a potion of heal wounds for 125 gold pieces
 38364 | Vaults:1 | Bought a runed silver wand for 100 gold pieces
 38554 | Vaults:1 | Reached skill level 5 in Evocations
 38571 | Vaults:1 | Reached XP level 21. HP: 190/211 MP: 27/27
 38797 | Vaults:1 | Found Woohomp's Assorted Antiques.
 38828 | Vaults:1 | Bought a potion of curing for 102 gold pieces
 38828 | Vaults:1 | Bought a potion of agility for 136 gold pieces
 39017 | Vaults:1 | Found Tace Jui's Antique Armour Emporium.
 39327 | Vaults:2 | Found Zuwnes's Magic Scroll Shop.
 39335 | Vaults:2 | Bought a scroll of enchant weapon for 97 gold pieces
 40122 | Vaults:2 | Found Votuptor's Assorted Antiques.
 40126 | Vaults:2 | Bought a scroll of enchant weapon for 255 gold pieces
 40126 | Vaults:2 | Bought a scroll of enchant weapon for 255 gold pieces
 40128 | Vaults:2 | Bought a potion of heal wounds for 170 gold pieces
 40199 | Vaults:2 | Found Wosyel's Magic Scroll Boutique.
 40201 | Vaults:2 | Found Xaotaol's Food Shoppe.
 40453 | Vaults:3 | Identified the +1 plate armour of Jothusch {rN++ Regen+
                  | Slay+3 Stlth-}
 40619 | Vaults:3 | Found a staircase to the Crypt.
 40620 | Vaults:3 | Noticed Jory
 40643 | Vaults:3 | Killed Jory
 40746 | Vaults:3 | Noticed Bai Suzhen
 40776 | Vaults:3 | Killed Bai Suzhen
 40776 | Vaults:3 | Reached XP level 22. HP: 157/220 MP: 31/31
 41196 | Vaults:2 | Bought a scroll of identify for 26 gold pieces
 42139 | Vaults:4 | Reached skill level 10 in Evocations
 42594 | Vaults:4 | Found a roughly hewn altar of Beogh.
 42607 | Vaults:4 | Reached skill level 10 in Spellcasting
 42805 | Vaults:4 | Noticed Margery
 42817 | Vaults:4 | Killed Margery
 43374 | Vaults:4 | Reached XP level 23. HP: 222/227 MP: 33/33
 43662 | Vaults:5 | Entered Level 5 of the Vaults
 43746 | Vaults:5 | Noticed an ancient lich
 43786 | Vaults:4 | Killed an ancient lich
 44103 | Vaults:5 | Paralysed by a sphinx for 4 turns
 44105 | Vaults:5 | Cast into level 3 of the Abyss (a lich)
 44191 | Abyss:3  | Found a corrupted altar of Lugonu.
 44266 | Abyss:3  | Found a corrupted altar of Lugonu.
 44318 | Abyss:3  | Found a corrupted altar of Lugonu.
 44383 | Abyss:3  | Paralysed by you for 3 turns
 44390 | Abyss:3  | Found a transporter.
 44403 | Abyss:3  | Reached skill level 10 in Dodging
 44455 | Abyss:3  | Found a transporter.
 44457 | Abyss:3  | Got an abyssal rune of Zot
 44573 | Vaults:5 | Escaped the Abyss
 44831 | Vaults:4 | Reached XP level 24. HP: 174/235 MP: 33/33
 45359 | Vaults:5 | Got a silver rune of Zot
 45972 | Vaults:5 | Got a fine marble ring
 45974 | Vaults:5 | Identified the ring of Iquv {Wiz rElec rPois MP+9 Dex-3}
                  | (You found it on level 5 of the Vaults)
 46116 | Vaults:5 | Found Nauphed's Assorted Antiques.
 46166 | Vaults:5 | Bought a pair of runed boots for 225 gold pieces
 46291 | Vaults:5 | Got a heavily runed chain mail
 46302 | Vaults:5 | Identified the +8 chain mail of Makhleb {+Fly Int-3 SInv
                  | Stlth-} (You acquired it on level 5 of the Vaults)
 46599 | Depths:1 | Entered Level 1 of the Depths
 47003 | Depths:1 | Found a runed translucent door.
 47005 | Depths:1 | Noticed Gyzurilu's ghost (veteran DsFE)
 47112 | Depths:1 | Found a gateway to Hell.
 47305 | Depths:2 | Found a corrupted altar of Lugonu.
 47305 | Depths:2 | Found a one-way gate to the infinite horrors of the Abyss.
 47313 | Depths:2 | Found a flickering gateway to a bazaar.
 47334 | Bazaar   | Entered a bazaar
 47336 | Bazaar   | Found Sadwibb's Assorted Antiques.
 47340 | Bazaar   | Bought a scroll of immolation for 52 gold pieces
 47340 | Bazaar   | Bought a wand of iceblast (7) for 60 gold pieces
 47340 | Bazaar   | Found Yrches's Food Boutique.
 47340 | Bazaar   | Found Zahevuaj's Jewellery Boutique.
 47340 | Bazaar   | Found Horig's Book Boutique.
 47390 | Bazaar   | Bought the ring of the Echidna {+Inv rF+ Str+10 Int-2
                  | Dex+3} for 642 gold pieces
 47484 | Depths:2 | You fall into a shaft and drop 2 floors!
 47544 | Depths:4 | Reached skill level 10 in Charms
 47547 | Depths:4 | Noticed a caustic shrike
 47560 | Depths:4 | Killed a caustic shrike
 47591 | Depths:4 | Reached XP level 25. HP: 186/243 MP: 31/33
 47739 | Depths:4 | Reached skill level 5 in Necromancy
 47770 | Depths:4 | Found a gateway to a ziggurat.
 48292 | Depths:4 | Reached skill level 15 in Evocations
 48820 | Depths:4 | Identified Wekkal's Spellcraft in Simple Steps
 48939 | Depths:4 | Found a one-way gate leading to the halls of Pandemonium.
 49497 | Depths:3 | Noticed a juggernaut
 49506 | Depths:3 | Killed a juggernaut
 49509 | Depths:3 | Noticed a juggernaut
 49521 | Depths:3 | Killed a juggernaut
 49681 | Depths:3 | Got a shimmering plate armour
 49692 | Depths:3 | Identified the +0 plate armour of Past Mistakes {rCorr
                  | Stlth+} (You found it on level 3 of the Depths)
 50396 | Depths:2 | Reached XP level 26. HP: 234/251 MP: 33/33
 50500 | Depths:2 | Upgraded the game from 0.24-a0-525-g9231cdcba1 to
                  | 0.24-a0-528-g98e85ec62a
 50888 | Depths:2 | Noticed the Enchantress
 50898 | Depths:2 | Killed the Enchantress
 51720 | Depths:5 | Entered Level 5 of the Depths
 51794 | Depths:5 | Found Toxueggu's Antique Armour Shoppe.
 52190 | Depths:5 | Found a gate to the Realm of Zot.
 52312 | Depths:5 | Found Deppo's Gadget Shop.
 52313 | Depths:5 | Found Pufuast Dapp's Jewellery Emporium.
 52313 | Depths:5 | Found Wiyps's Jewellery Emporium.
 52328 | Depths:5 | Learned a level 5 spell: Excruciating Wounds
 52576 | Depths:5 | Reached skill level 10 in Necromancy
 52804 | Zot:1    | Entered Level 1 of the Realm of Zot
 53136 | Zot:1    | Reached XP level 27. HP: 248/258 MP: 33/33
 55031 | Zot:3    | Noticed an orb of fire
 55042 | Zot:3    | Gained mutation: You tend to lose your temper in combat.
                  | [an orb of fire]
 55044 | Zot:3    | Killed an orb of fire
 55164 | Depths:4 | Lost mutation: You tend to lose your temper in combat.
                  | [potion of mutation]
 55164 | Depths:4 | Lost mutation: Your magical capacity is low. (-10% MP)
                  | [potion of mutation]
 55164 | Depths:4 | Lost mutation: You have a somewhat thin skeletal structure.
                  | (Dex +2, Stealth) [potion of mutation]
 55164 | Depths:4 | Lost mutation: You are partially covered in iridescent
                  | scales. (AC +2) [potion of mutation]
 55164 | Depths:4 | Gained mutation: You have large cloven feet. [potion of
                  | mutation]
 55644 | Zot:3    | Noticed an ancient lich
 55660 | Zot:3    | Killed an ancient lich
 56765 | Zot:3    | Noticed an orb of fire
 56780 | Zot:3    | Killed an orb of fire
 57062 | Zot:3    | Reached skill level 15 in Dodging
 59794 | Zot:5    | Entered Level 5 of the Realm of Zot
 61058 | Zot:5    | Noticed an orb of fire
 61060 | Zot:5    | Noticed an orb of fire
 61066 | Zot:4    | Reached skill level 24 in Fighting
 61073 | Zot:5    | Gained mutation: You are frail. (-10% HP) [an orb of fire]
 61073 | Zot:5    | Gained mutation: You are occasionally teleported next to
                  | monsters. [an orb of fire]
 61074 | Zot:5    | Noticed an ancient lich
 61076 | Zot:5    | Noticed an orb of fire
 61095 | Zot:4    | Killed an orb of fire
 61420 | Depths:4 | Lost mutation: You are somewhat resistant to further
                  | mutation. [potion of mutation]
 61420 | Depths:4 | Lost mutation: You are frail. (-10% HP) [potion of
                  | mutation]
 61420 | Depths:4 | Gained mutation: You expend magic power (3 MP) to
                  | strengthen your wands. [potion of mutation]
 61420 | Depths:4 | Gained mutation: You are partially covered in slimy green
                  | scales. (AC +2) [potion of mutation]
 61420 | Depths:4 | Gained mutation: You have a pair of small antennae on your
                  | head. [potion of mutation]
 61655 | D:13     | Lost mutation: You expend magic power (3 MP) to strengthen
                  | your wands. [potion of mutation]
 61655 | D:13     | Lost mutation: You have a pair of small antennae on your
                  | head. [potion of mutation]
 61655 | D:13     | Lost mutation: You are occasionally teleported next to
                  | monsters. [potion of mutation]
 61655 | D:13     | Gained mutation: Armour fits poorly on your strangely
                  | shaped body. [potion of mutation]
 61655 | D:13     | Gained mutation: You have a pair of small horns on your
                  | head. [potion of mutation]
 62011 | Zot:5    | Killed an orb of fire
 62013 | Zot:5    | Noticed an orb of fire
 62015 | Zot:5    | Noticed an ancient lich
 62017 | Zot:5    | Gained mutation: You are occasionally teleported next to
                  | monsters. [an orb of fire]
 62023 | Zot:4    | Gained mutation: You are clumsy. (Dex -2) [an orb of fire]
 62032 | Zot:4    | Killed an orb of fire
 62219 | Zot:5    | Noticed an ancient lich
 62221 | Zot:5    | Noticed an ancient lich
 62385 | Zot:4    | Killed an ancient lich
 62389 | Zot:4    | Lost mutation: You have a pair of small horns on your head.
                  | [potion of mutation]
 62389 | Zot:4    | Lost mutation: Armour fits poorly on your strangely shaped
                  | body. [potion of mutation]
 62389 | Zot:4    | Lost mutation: You are occasionally teleported next to
                  | monsters. [potion of mutation]
 62389 | Zot:4    | Lost mutation: You are partially covered in slimy green
                  | scales. (AC +2) [potion of mutation]
 62389 | Zot:4    | Gained mutation: Your mind is acute. (Int +2) [potion of
                  | mutation]
 62389 | Zot:4    | Gained mutation: Your magical capacity is low. (-10% MP)
                  | [potion of mutation]
 62389 | Zot:4    | Gained mutation: You are robust. (+10% HP) [potion of
                  | mutation]
 62412 | Zot:5    | Killed an ancient lich
 62413 | Zot:5    | Noticed an ancient lich
 62414 | Zot:5    | Noticed an ancient lich
 62432 | Zot:5    | Lost mutation: You are robust. (+10% HP) [an orb of fire]
 62436 | Zot:5    | Cast into level 5 of the Abyss (an ancient lich)
 62436 | Abyss:5  | Entered Level 5 of the Abyss
 62436 | Abyss:5  | Entered Level 5 of the Abyss
 62562 | Zot:5    | Escaped the Abyss
 62571 | Zot:5    | Gained mutation: You have a beak for a mouth. [an orb of
                  | fire]
 62585 | Zot:4    | Killed an ancient lich
 62589 | Zot:4    | Killed an ancient lich
 63014 | Zot:5    | Killed an ancient lich
 63086 | Zot:5    | Noticed an ancient lich
 63094 | Zot:5    | Killed an ancient lich
 63162 | Zot:5    | Gained mutation: You do not regenerate when monsters are
                  | visible. [an orb of fire]
 63173 | Zot:5    | Gained mutation: Your spells are a little easier to cast,
                  | but a little less powerful. [an orb of fire]
 63182 | Zot:5    | Gained mutation: Your muscles are strong. (Str +2) [an orb
                  | of fire]
 63183 | Zot:5    | Gained mutation: You are occasionally teleported next to
                  | monsters. [an orb of fire]
 63185 | Zot:5    | Killed an orb of fire
 63413 | Zot:5    | Killed an ancient lich
 63899 | Zot:5    | Noticed an ancient lich
 63915 | Zot:5    | Gained mutation: You are very clumsy. (Dex -4) [a
                  | cacodemon]
 63917 | Zot:5    | Killed an ancient lich
 64060 | Zot:5    | Reached skill level 25 in Fighting
 64294 | Zot:5    | Got the Orb of Zot
 64708 | D:11     | Noticed Baul the pandemonium lord
 65062 | D:$      | Escaped with the Orb!

Levels and vault maps discovered:
D:1:      minmay_arrival_three_doors, layout_basic, minmay_close_crescents
D:2:      minmay_evil_eye, layout_loops_ring, uniq_terence
D:3:      layout_loops_ring, serial_glass, glass_columns_a, glass_columns_c,
          glass_columns_b, glass_columns_a, glass_columns_b, glass_columns_a,
          glass_columns_a, glass_columns_b, glass_columns_b, glass_columns_b,
          glass_columns_a, glass_columns_a, glass_columns_c, glass_columns_a
D:4:      layout_loops_ring, minmay_temple_entry_proselytizer, first_ration
D:5:      layout_basic
D:6:      layout_basic, serial_shops, shop, uniq_crazy_yiuf_cottage
D:7:      layout_basic, lemuel_doored_altar, minmay_misc_feat_room,
          uniq_prince_ribbit1
D:8:      layout_loops_cross, lair_entry_dummy, david_nohive_1, minivault_29,
          uniq_grum, uniq_gastronok, uniq_erica
D:9:      layout_stronghold
D:10:     layout_rooms, orc_david_3, serial_shops, shop
D:11:     layout_grid_maze, portal_ice_cave_entry_ice_beasts, ebering_ghost_xom,
          serial_shops, shop_statue, makhleb_altar_promises_db, uniq_josephine
D:12:     layout_basic
D:13:     evilmike_iron_armoury, layout_basic, grunt_vaults_entry_tiered,
          gauntlet_entry_generic, serial_shops, shop
D:14:     layout_irregular_city, kennysheep_treasure_room
D:15:     grunt_enter_depths_hoard, layout_irregular_city, minivault_26,
          uniq_jorgrun, uniq_roxanne
Lair:1:   layout_cave_pods, nicolae_volcano_entry_lava_flow, grunt_megastairs_3
Lair:2:   layout_regular_city, kennysheep_abandoned_house
Lair:3:   layout_gridlike, lemuel_fruit_fields, lemuel_fruit_fields
Lair:4:   layout_roguey, minmay_shoals_entry_hut,
          nicolae_spider_entry_orb_guardian, beast_lair_carwin_1, uniq_kirke
Lair:5:   dragon1_lemuel, layout_regular_city, slime_altar_1, uniq_snorg
Lair:6:   evilmike_catoblepas_cave, layout_regular_city
Shoals:1: layout_shoals, yaktaur_hedge
Shoals:2: layout_shoals, uniq_nikola
Shoals:3: layout_shoals, serial_shops, shop, nicolae_shoals_drake_roost
Shoals:4: shoals_end_grunt_garden, layout_shoals, uniq_polyphemus, uniq_aizul
Spider:1: layout_spider_delve, guppyfry_spider_mini_1
Spider:2: layout_spider_delve, gammafunk_ghost_berserking_beasts, uniq_asterion
Spider:3: spiders_nest_scorpion_pit, drop_trap
Spider:4: guppyfry_spider_rune, uniq_arachne
Orc:1:    minmay_goldmine, layout_diamond_mine, elf_legates
Orc:2:    grunt_orc_cross, layout_diamond_mine, gammafunk_ghost_fury_of_okawaru,
          chequers_guarded_unrand_ignorance
Elf:1:    minmay_elf_arrival_summoners, layout_onion_city, serial_shops, shop,
          minmay_elf_annihilation
Elf:2:    layout_loops_ring, serial_shops, bzr_firewalk
Vaults:1: nicolae_vaults_circle_grid_b, hangedman_vaults_slither,
          vaults_room_fancy_cross, v_pattern_1, hangedman_vaults_snaps,
          nicolae_vaults_little_squares_6, vaults_room_guarded_vault,
          ontoclasm_vaults_gateway, vaults_room_pools,
          layout_vaults_chaotic_city, serial_shops, shop,
          nicolae_shop_overgrown_old_shop, shop, shop,
          nicolae_shop_overgrown_old_shop
Vaults:2: nicolae_vaults_little_squares_3, vaults_standard_mumra_lines,
          nicolae_vaults_specimen_jars, v_misc_19, vaults_dpeg_hooks,
          layout_vaults_omnigrid, serial_shops, nicolae_shop_crystal, shop,
          nicolae_shop_temple_entry_statues_fountains, shop
Vaults:3: v_misc_1, minmay_crypt_entry_simple_sparse, v_misc_15,
          v_alt_pattern_5, hangedman_vaults_river_flow, hangedman_vaults_pinch,
          ontoclasm_vaults_shout, vaults_room_grunt_arrival_ludios,
          vaults_mumra_minichess_inversion, grunt_vaults_focal,
          layout_vaults_omnibox, uniq_bai_suzhen, uniq_jory
Vaults:4: vaults_mumra_chevron_long, ontoclasm_vaults_shuriken,
          grunt_vaults_twisty, hangedman_vaults_variations, v_misc_17,
          nicolae_vaults_little_ls, nicolae_vaults_alarming,
          hangedman_vaults_locks, special_room_vaults [special_room_orc],
          ontoclasm_vaults_ring_small, nicolae_vaults_what_the_h,
          hangedman_vaults_cutoff, vaults_dpeg_encased_lava,
          layout_vaults_omnicross, uniq_margery
Vaults:5: serial_shops
Depths:1: layout_cave_pools, grunt_hell_entry_dis_grunt,
          ebering_ghost_inner_flame, hangedman_abyss_or_decor_stagger,
          minmay_misc_feat_x, kennysheep_doodads, st_stairs_10,
          kennysheep_generic_room_5
Depths:2: minmay_quarter_circles, layout_gridlike, abyss_entry_flame_altar,
          serial_shops, bzr_entry_road, hellmouth_1, hex_medium,
          uniq_enchantress
Depths:3: hangedman_hanging_gardens, layout_gridlike, minmay_misc_feat_plants,
          pan_entry, hell_entry, minmay_evil_grid
Depths:4: minmay_spriggan_fort, layout_cross, enter_ziggurat_c, abyss_entry,
          kennysheep_another_room, grunt_hell_entry_demonic_statue,
          rand_demon_pan_entry_9, minmay_the_grid_2x2 [minmay_the_grid_rooms,
          minmay_the_grid_tree, minmay_the_grid_spin_star,
          minmay_the_grid_prize_shrinking_boxes]
Depths:5: evilmike_zot_entry_round, layout_cave_pools, serial_shops,
          nicolae_shop_stone, rand_demon_pan_entry_3, abyss_entry, hell_entry,
          minmay_shop_grove, infiniplex_staircase_pool_lava
Zot:1:    layout_basic
Zot:2:    layout_basic
Zot:3:    layout_twisted_circle, lemuel_baited_zot_trap,
          hangedman_player_shredder
Zot:4:    layout_onion_interference
Zot:5:    layout_gridlike

Skill      XL: |  1  2  3  4  5  6  7  8  9 10 11 12 13 14 15 16 17 18 19 20 21 22 23 24 25 26 27 |
---------------+----------------------------------------------------------------------------------+-----
Axes           | 3 4 5 6 7 8 10 12 14 15 16 18 19 20 24 | 24.9
Dodging        | 1 2 3 4 5 6 7 8 9 10 11 12 13 16 | 16.8
Fighting       | 4 5 6 7 9 10 11 12 13 14 15 16 19 22 23 25 | 25.1
Invocations    | 3 4 5 6 7 9 10 11 12 14 | 14.8
Armour         | 3 4 5 6 7 8 10 11 12 13 14 15 17 18 19 20 | 20.0
Charms         | 4 5 8 10 | 10.0
Shields        | 3 5 10 12 15 | 15.0
Spellcasting   | 4 5 6 8 10 | 10.0
Ice Magic      | 3 |  3.0
Necromancy     | 2 3 4 7 10 13 | 13.3
Evocations     | 5 8 12 13 14 15 16 20 | 20.2

Action                   |  1- 3 |  4- 6 |  7- 9 | 10-12 | 13-15 | 16-18 | 19-21 | 22-24 | 25-27 || total
-------------------------+-------+-------+-------+-------+-------+-------+-------+-------+-------++-------
Melee: Hand axe          |   136 |   208 |   234 |   707 |  1298 |  1389 |   789 |       |       ||  4761
       Long sword        |       |    12 |       |       |       |       |       |       |       ||    12
       Scimitar          |       |       |       |    25 |    15 |       |       |       |       ||    40
       Broad axe         |       |       |       |       |       |       |   792 |   916 |  1977 ||  3685
       Peck              |       |       |       |       |       |       |       |       |    59 ||    59
       Headbutt          |       |       |       |       |       |       |       |       |     7 ||     7
Throw: Dart              |       |     6 |       |    11 |    11 |       |       |       |       ||    28
       Javelin           |       |       |       |       |    10 |       |     2 |       |     6 ||    18
 Cast: Song of Slaying   |       |       |       |       |    19 |    15 |    10 |    20 |    19 ||    83
       Regeneration      |       |       |       |       |     4 |     7 |     1 |    14 |    31 ||    57
       Spectral Weapon   |       |       |       |       |       |     4 |     3 |     2 |     8 ||    17
       Excruciating Woun |       |       |       |       |       |       |       |       |     1 ||     1
Invok: Depart the Abyss  |     1 |       |       |       |       |       |       |     1 |     1 ||     3
       Bend Space        |       |       |       |     5 |     3 |     7 |     2 |     1 |    11 ||    29
       Banish            |       |       |       |     2 |       |       |       |       |       ||     2
Evoke: Wand              |       |       |     5 |     4 |     2 |    16 |     5 |     4 |    51 ||    87
       Box of beasts     |       |       |       |       |     1 |       |       |       |       ||     1
       Fan of gales      |       |       |       |       |       |     1 |       |       |       ||     1
       Sack of spiders   |       |       |       |       |       |       |       |       |     1 ||     1
  Use: Scroll            |       |     7 |     3 |    17 |    13 |     8 |    10 |     5 |     8 ||    71
       Potion            |       |     1 |       |     2 |     7 |     4 |     2 |    10 |    17 ||    43
 Stab: Sleeping          |       |       |     1 |       |       |       |       |       |       ||     1
       Paralysed         |       |       |       |     3 |       |       |       |       |       ||     3
       Invisible         |       |       |       |       |     6 |    18 |       |       |       ||    24
       Petrifying        |       |       |       |       |     5 |     1 |       |       |     2 ||     8
       Petrified         |       |       |       |       |     3 |     4 |       |       |       ||     7
       Held in net/web   |       |       |       |       |       |     1 |       |       |       ||     1
       Distracted        |       |       |       |       |       |       |       |     1 |     1 ||     2
       Confused          |       |       |       |       |       |       |       |       |     1 ||     1
  Eat: Chunk             |       |    10 |    10 |    13 |    26 |    28 |    29 |    16 |    36 ||   168
       Ration            |       |       |     1 |     1 |     3 |     1 |     1 |     2 |     7 ||    16
Armor: Leather armour    |    10 |       |       |       |       |       |       |       |       ||    10
       Ring mail         |    27 |    86 |    88 |    77 |       |       |       |       |       ||   278
       Chain mail        |       |       |       |   197 |   435 |   294 |       |       |       ||   926
       Plate armour      |       |       |       |       |       |    31 |   349 |   273 |   546 ||  1199
       Skin              |       |       |       |       |       |       |    14 |       |       ||    14
Dodge: Dodged            |    79 |   143 |   141 |   336 |   631 |   882 |   882 |   541 |  1068 ||  4703
Block: Buckler           |       |       |       |       |   103 |       |       |       |       ||   103
       Shield            |       |       |       |       |   321 |  1256 |  1474 |   875 |  1715 ||  5641
       Rpst.: Long sword |       |     4 |       |       |       |       |       |       |       ||     4
       Scimitar          |       |       |       |     6 |     6 |       |       |       |       ||    12

Table legend:
 A = Non-vault XP
 B = Vault XP
 C = Vault XP percentage of total XP
 D = Non-vault monster count
 E = Vault monster count
 F = Vault count percentage of total count
                 A         B        C        D         E       F
            +---------+---------+-------+---------+---------+-------
      Total |  904952 |  896560 |  49.8 |    1571 |     973 |  38.2
            +---------+---------+-------+---------+---------+-------
        D:1 |      61 |       6 |   9.0 |      36 |       3 |   7.7
        D:2 |      77 |      59 |  43.4 |      14 |       6 |  30.0
        D:3 |     100 |       0 |   0.0 |      26 |       0 |   0.0
        D:4 |     409 |      43 |   9.5 |      16 |       1 |   5.9
        D:5 |     858 |       0 |   0.0 |      33 |       0 |   0.0
        D:6 |     721 |      40 |   5.3 |      17 |       1 |   5.6
        D:7 |    1860 |     389 |  17.3 |      30 |       3 |   9.1
        D:8 |    1747 |    9670 |  84.7 |      15 |      62 |  80.5
        D:9 |    3472 |       0 |   0.0 |      27 |       0 |   0.0
       D:10 |    1195 |     139 |  10.4 |      19 |       3 |  13.6
       D:11 |    2902 |    4879 |  62.7 |      22 |      16 |  42.1
       D:12 |    6059 |       0 |   0.0 |      36 |       0 |   0.0
       D:13 |    5921 |   13304 |  69.2 |      28 |      42 |  60.0
       D:14 |   12031 |       0 |   0.0 |      38 |       0 |   0.0
       D:15 |    7118 |    4887 |  40.7 |      24 |       3 |  11.1
     Lair:1 |    2195 |    1012 |  31.6 |      10 |       5 |  33.3
     Lair:2 |    1936 |    1036 |  34.9 |       6 |      13 |  68.4
     Lair:3 |    4475 |       0 |   0.0 |      20 |       0 |   0.0
     Lair:4 |    3225 |    6273 |  66.0 |      15 |      14 |  48.3
     Lair:5 |    6421 |    2150 |  25.1 |      27 |       2 |   6.9
     Lair:6 |    6619 |   10213 |  60.7 |      24 |      23 |  48.9
   Shoals:1 |   19263 |     367 |   1.9 |      36 |       1 |   2.7
   Shoals:2 |   13164 |    3874 |  22.7 |      28 |       1 |   3.4
   Shoals:3 |   21047 |    1814 |   7.9 |      45 |       7 |  13.5
   Shoals:4 |   15062 |   23571 |  61.0 |      30 |      32 |  51.6
   Spider:1 |   12548 |    1736 |  12.2 |      32 |       7 |  17.9
   Spider:2 |   16821 |   11341 |  40.3 |      45 |      13 |  22.4
   Spider:3 |    4210 |    8264 |  66.2 |      13 |      18 |  58.1
   Spider:4 |   14428 |   29351 |  67.0 |      38 |      45 |  54.2
      Orc:1 |   12211 |    7552 |  38.2 |      56 |      25 |  30.9
      Orc:2 |    9419 |   17203 |  64.6 |      52 |      46 |  46.9
      Elf:1 |   22005 |    8077 |  26.8 |      32 |      12 |  27.3
      Elf:2 |   13421 |   24409 |  64.5 |      24 |      29 |  54.7
   Vaults:1 |   34047 |   21701 |  38.9 |      56 |      28 |  33.3
   Vaults:2 |   23434 |    8351 |  26.3 |      46 |      15 |  24.6
   Vaults:3 |   51492 |   36912 |  41.8 |      76 |      42 |  35.6
   Vaults:4 |   48182 |   81963 |  63.0 |      74 |      88 |  54.3
   Vaults:5 |   33128 |   90974 |  73.3 |      40 |      65 |  61.9
   Depths:1 |   16749 |    5847 |  25.9 |      22 |       6 |  21.4
   Depths:2 |   29807 |   41612 |  58.3 |      28 |      40 |  58.8
   Depths:3 |   24941 |   53274 |  68.1 |      29 |      32 |  52.5
   Depths:4 |   30717 |   63676 |  67.5 |      46 |      81 |  63.8
   Depths:5 |   51444 |   20148 |  28.1 |      46 |      17 |  27.0
      Zot:1 |   44076 |       0 |   0.0 |      27 |       0 |   0.0
      Zot:2 |   72509 |       0 |   0.0 |      45 |       0 |   0.0
      Zot:3 |   56806 |   49865 |  46.7 |      25 |      18 |  41.9
      Zot:4 |   77246 |   84266 |  52.2 |      41 |      21 |  33.9
      Zot:5 |   55951 |  114443 |  67.2 |      28 |      25 |  47.2
    Abyss:3 |   11422 |   15621 |  57.8 |      28 |      17 |  37.8
    Abyss:5 |       0 |    3412 | 100.0 |       0 |       8 | 100.0
      IceCv |       0 |    3216 | 100.0 |       0 |      11 | 100.0
    Volcano |       0 |    4708 | 100.0 |       0 |      13 | 100.0
   Gauntlet |       0 |    4912 | 100.0 |       0 |      13 | 100.0
            +---------+---------+-------+---------+---------+-------
